 Dungeon Crawl Stone Soup version 0.31.0-11-ge490571c62 (webtiles) character file.

Game seed: 3226806103493562614

1930 stipulation the Reanimator (level 9, -4/39 HPs)
             Began as a Vine Stalker Necromancer on Jan 28, 2024.
             Slain by a vampire
             ... wielding a +0 vampiric halberd
              (6 damage)
             ... in a bailey.
             The game lasted 00:14:47 (7395 turns).

stipulation the Reanimator (VSNe)                   Turns: 7395, Time: 00:14:48

Health: -4/39      AC:  5    Str: 13    XL:     9   Next: 17%
Magic:  0/22       EV: 27    Int: 19    God:
Gold:   336        SH:  0    Dex: 15    Spells: 14/24 levels left

rFire   . . .        r - +9 rapier of Biuptix {freeze, Str+2}
rCold   . . .        (no shield)
rNeg    . . .        a - +0 robe
rPois   .            (no helmet)
rElec   .            x - +1 cloak
rCorr   .            (no gloves)
SInv    .            f - +0 pair of boots
Will    +....        o - amulet of the acrobat
Stlth   ++           g - +4 ring of slaying
HPRegen 1.06/turn    (no ring)
MPRegen 0.18/turn

%: acrobat, guardian spirit
@: acrobatic
A: fangs 3, regeneration 1, magic shield, antimagic bite, no potion heal 2
a: no special abilities


You were in a bailey.
You visited 2 branches of the dungeon, and saw 8 of its levels.
You also visited: Sewer and Bailey.

You collected 388 gold pieces.
You spent 52 gold pieces at shops.

Inventory:

Hand Weapons
 b - a +0 short sword
 r - the +9 rapier of Biuptix (weapon) {freeze, Str+2}
   (You found it in a bailey)

   Str+2:     It affects your strength (+2).
Missiles
 h - a throwing net
Armour
 a - a +0 robe (worn)
 f - a +0 pair of boots (worn)
 x - a +1 cloak (worn)
Jewellery
 g - a +4 ring of slaying (left hand)
 k - a ring of ice
 o - an amulet of the acrobat (around neck)
 y - a ring of flight
Wands
 v - a wand of flame (5)
Scrolls
 i - 2 scrolls of revelation
 n - a scroll of identify
 p - 2 scrolls of noise
 q - 2 scrolls of amnesia
 s - a scroll of teleportation {unknown}
 u - a scroll of vulnerability {unknown}
Potions
 c - 4 potions of brilliance
 d - 2 potions of lignification {unknown}
 e - a potion of might {unknown}
 j - 2 potions of mutation
 m - 4 potions of degeneration
 t - 3 potions of enlightenment
 w - a potion of haste {unknown}
 z - a potion of attraction {unknown}


   Skills:
 - Level 1.5 Dodging
 - Level 2.4 Stealth
 + Level 8.3 Spellcasting
 + Level 8.8 Necromancy
 - Level 2.0 Translocations
 - Level 2.0 Evocations


You had 14 spell levels left.
You knew the following spells:

 Your Spells              Type           Power      Damage    Failure   Level
a - Necrotise             Necr           100%       1d9       1%          1
b - Vampiric Draining     Necr           41%        2d8       1%          3
c - Animate Dead          Necr           41%        N/A       2%          4
d - Blink                 Tloc           30%        N/A       6%          2

Your spell library contained the following spells:

 Spells                   Type           Power      Damage    Failure   Level
 Apportation              Tloc           30%        N/A       4%          1
 Lesser Beckoning         Tloc           30%        N/A       6%          2
 Curse of Agony           Necr           41%        N/A       6%          5
 Momentum Strike          Conj/Tloc      22%        3d8       9%          2
 Jinxbite                 Hex            14%        N/A       14%         2
 Inner Flame              Hex/Fire       7%         N/A       26%         3
 Flame Wave               Conj/Fire      7%         2d5       65%         4
 Sticky Flame             Fire/Alch      7%         2d4       65%         4
 Alistair's Intoxication  Alch           4%         N/A       94%         5


Dungeon Overview and Level Annotations

Branches:
Dungeon (7/15)             Temple (1/1) D:4           Sewer (visited)
 Bailey (1/1)

Altars:
Ashenzari
Cheibriados
Dithmenos
Elyvilon
Gozag
Hepliaklqana
Makhleb
Nemelex Xobeh
Okawaru
Qazlal
Ru
Sif Muna
Trog
Uskayaw
Vehumet
Wu Jian
Xom
Yredelemnul
Zin
The Shining One

Shops:
D:3 !

Annotations:
D:2 Sigmund
D:3 1 runed translucent door, browni3141's ghost, amateur MiFi
D:6 1 exclusion


Innate Abilities, Weirdness & Mutations

You have razor-sharp teeth.
Your natural rate of healing is unusually fast.
When hurt, damage is shared between your health and your magic reserves.
Your bite disrupts and absorbs the magic of your enemies.
Potions cannot restore your health.


Message History

The vampire is lightly damaged.
The vampire gestures at you while chanting.
You are confused.
You are too confused!
Your system rejects the healing.
You feel better. The vampire closely misses you. The vampire barely misses you.
Aiming: Throw Flame
Press: ? - help, Shift-Dir - straight line, f/p - vampire
Aim: a vampire, wielding a +0 vampiric halberd and wearing a +0 chain mail (lightly damaged, 79% to hit)
The puff of flame hits the vampire but does no damage.
The vampire is lightly damaged.
The vampire casts a spell at you.
You easily resist.
Aiming: Throw Flame
Press: ? - help, Shift-Dir - straight line, f/p - vampire
Aim: a vampire, wielding a +0 vampiric halberd and wearing a +0 chain mail (lightly damaged, 79% to hit)
The puff of flame hits the vampire.
The vampire is moderately damaged.
The vampire hits you with a +0 vampiric halberd!
The vampire draws strength from your wounds!
The vampire bites you but does no damage.
You hit the vampire but do no damage. You bite the vampire, but do no damage.
The vampire is lightly damaged.
The vampire closely misses you. The vampire bites you.
The vampire draws strength from your injuries!
You hit the vampire but do no damage.
The vampire is lightly damaged.
The vampire hits you with a +0 vampiric halberd!!
The vampire bites you!
* * * LOW HITPOINT WARNING * * *
The vampire draws strength from your injuries!
Aiming: Throw Flame
Press: ? - help, Shift-Dir - straight line, f/p - vampire
Aim: a vampire, wielding a +0 vampiric halberd and wearing a +0 chain mail (79% to hit)
The puff of flame hits the vampire but does no damage.
The vampire hits you with a +0 vampiric halberd!
* * * LOW HITPOINT WARNING * * *
The vampire closely misses you. The vampire closely misses you.
The vampire bites you!
You die...

..#8....##...##''###
..#######...##....##
..#8.......##......##
..#8......8#...##...#
############..####..#
#..# ##..# #8..##..8#
##!!..[[## ##8|@V##
######


You could see a vampire.

Vanquished Creatures
  Maggie (D:7)
  A sky beast (D:6)
  An ice beast (D:5)
  A black bear (D:6)
  A kobold brigand (D:6)
  A scorpion (D:5)
  A wight (D:7)
  A howler monkey (D:5)
  7 vampire bats (Bailey)
  5 wolf zombies (Bailey)
  3 jellies
  2 hounds
  An orc priest (D:6)
  5 iguanas
  2 orc wizards (D:6)
  6 adders
  3 gnolls (D:6)
  A river rat (Sewer)
  A shadow imp (D:6)
  2 ufetubi (D:5)
  3 dart slugs
  9 ribbon worms
  An orc (D:6)
  5 endoplasms
  A giant cockroach (D:3)
  11 goblins
  6 hobgoblins
  9 jackals
  6 quokkas
  9 ball pythons
  14 bats
  A frilled lizard (D:2)
  10 kobolds
  14 orc zombies (Bailey)
  3 rats
148 creatures vanquished.

Vanquished Creatures (collateral kills)
  A brain worm (Sewer)
  An adder (Sewer)
  A ribbon worm (Sewer)
  An orc (D:5)
  A giant cockroach (Sewer)
  A quokka (Sewer)
  A bat (D:4)
  A rat (D:1)
8 creatures vanquished.

Grand Total: 156 creatures vanquished

Notes
Turn   | Place    | Note
-------+----------+-------------------------------------------
     0 | D:1      | stipulation the Vine Stalker Necromancer began the quest
                  | for the Orb.
     0 | D:1      | Reached XP level 1. HP: 9/9 MP: 4/4
   287 | D:1      | Reached XP level 2. HP: 13/13 MP: 3/6
   798 | D:2      | Reached XP level 3. HP: 16/16 MP: 2/8
  1083 | D:2      | Found a basalt altar of Yredelemnul.
  1577 | D:2      | Noticed Sigmund
  1702 | D:3      | Found Xebasaaf's Distillery.
  1736 | D:3      | Bought a potion of curing for 39 gold pieces
  1736 | D:3      | Bought a potion of degeneration for 13 gold pieces
  1772 | D:3      | Noticed browni3141's ghost (amateur MiFi)
  1775 | D:3      | Found a runed translucent door.
  1851 | D:3      | Found a faded altar of an unknown god.
  1865 | D:3      | Reached XP level 4. HP: 21/21 MP: 8/10
  2632 | D:4      | Found a glowing drain.
  2650 | D:4      | Reached skill level 5 in Necromancy
  2676 | Sewer    | Entered a sewer
  2783 | Sewer    | Reached XP level 5. HP: 24/24 MP: 9/11
  3295 | Sewer    | Reached XP level 6. HP: 28/28 MP: 2/13
  4116 | D:4      | Found a staircase to the Ecumenical Temple.
  4343 | D:5      | Entered Level 5 of the Dungeon
  4351 | D:4      | Reached skill level 5 in Spellcasting
  4355 | D:4      | Learned a level 3 spell: Vampiric Draining
  4360 | D:4      | Learned a level 4 spell: Animate Dead
  4363 | D:4      | Learned a level 2 spell: Blink
  4402 | Temple   | Entered the Ecumenical Temple
  4833 | D:5      | Reached skill level 1 in Translocations
  4833 | D:5      | Reached skill level 1 in Evocations
  4833 | D:5      | Reached XP level 7. HP: 27/32 MP: 4/15
  5898 | D:6      | Gained mutation: You have razor-sharp teeth. [Vine Stalker
                  | growth]
  5898 | D:6      | Reached XP level 8. HP: 30/36 MP: 5/18
  6857 | D:7      | Found a flagged portal.
  6874 | D:7      | Noticed Maggie
  6891 | D:7      | Killed Maggie
  7006 | Bailey   | Entered a bailey
  7114 | Bailey   | Noticed a gargoyle
  7213 | Bailey   | Reached XP level 9. HP: 39/39 MP: 21/21
  7299 | Bailey   | Identified the +9 rapier of Biuptix {freeze, Str+2}
  7382 | Bailey   | Found the +18 shield of the Gong {Loud rN+ Will+ rCorr
                  | EV-5}
  7394 | Bailey   | HP: 1/39 [vampire/+0 vampiric halberd (10)]
  7395 | Bailey   | Slain by a vampire

Illustrated notes

Levels and vault maps discovered:
D:1:      minmay_arrival_shoal_huts, layout_rooms
D:2:      layout_loops_ring, basic_altar, minmay_cupped, uniq_sigmund
D:3:      layout_loops_ring, serial_shops, shop,
          shapermc_ecumenical_altar_mp_ritualfount,
          hellmonk_ghost_happy_afterlife
D:4:      nicolae_BIG_FREAKIN_CUBE, layout_basic, minmay_temple_entry_offerings,
          cheibrodos_sewer_entry_sluice, minmay_crystal_room
D:5:      layout_cave_pods, chequers_serial_rivers_micro_e
D:6:      layout_loops_cross, serial_library, serial_library_hellmonk_junction,
          serial_library_hellmonk_layered_room,
          serial_library_hellmonk_open_cross, serial_library_hellmonk_room_c,
          serial_library_hellmonk_semicircle, st_stairs_9
D:7:      layout_basic, enter_bailey_5, uniq_menkaure, uniq_maggie
Temple:   mainiacjoe_temple_cubbyholes
Bailey:   bailey_polearm_vampire_castle_hellmonk, bailey

Skill      XL: |  1  2  3  4  5  6  7  8  9 |
---------------+----------------------------+-----
Spellcasting   | 3 4 5 6 7 8 |  8.3
Necromancy     | 5 6 7 8 |  8.8
Translocations | 1 2 |  2.0
Evocations     | 1 2 |  2.0
Dodging        | |  1.5
Stealth        | |  2.4

Action                     |  1- 3 |  4- 6 |  7- 9 || total
---------------------------+-------+-------+-------++-------
  Melee: Unarmed           |    29 |     5 |    13 ||    47
         Bite              |     8 |     3 |    50 ||    61
         Short sword       |       |       |   109 ||   109
         Rapier            |       |       |     5 ||     5
         Punch             |       |       |     1 ||     1
   Cast: Necrotise         |    86 |   125 |    84 ||   295
         Vampiric Draining |       |     1 |    11 ||    12
  Evoke: Wand              |       |       |    12 ||    12
    Use: Scroll            |       |     5 |     2 ||     7
         Potion            |       |       |     2 ||     2
 Armour: Robe              |    29 |    23 |   174 ||   226
  Dodge: Dodged            |    34 |    49 |   186 ||   269
